 Dungeon Crawl Stone Soup version 0.30-a0-1050-g2766ea1e55 (webtiles) character file.

Game seed: 12009503343489409932

1113 Arzdou the Cudgeller (level 8, -1/71 HPs)
             Began as a Minotaur Berserker on Apr 10, 2023.
             Was a Priest of Trog.
             Slain by a hound (5 damage)
             ... on level 6 of the Dungeon.
             The game lasted 00:13:40 (4762 turns).

Arzdou the Cudgeller (Minotaur Berserker)           Turns: 4762, Time: 00:13:41

Health: -1/71      AC: -7    Str: 25    XL:     8   Next: 12%
Magic:  0/7        EV: 11    Int:  4    God:    Trog [***...]
Gold:   220        SH:  0    Dex:  9    Spells: 7/7 levels left

rFire   + . .      SeeInvis .    a - +0 mace
rCold   . . .      Faith    .    (no shield)
rNeg    . . .      Spirit   +    m - +0 scale mail
rPois   .          Reflect  .    (helmet restricted)
rElec   .          Rampage  .    q - +0 cloak
rCorr   .                        (no gloves)
Will    +....                    (no boots) Stlth
                                 s - amulet of guardian spirit
HPRegen 0.31/turn                j - ring of protection from fire
MPRegen 0.10/turn                C - ring of willpower

@: lethally poisoned (-1 -> -4), corroded, on berserk cooldown, slowed, very
slow
A: horns 2, retaliatory headbutt
a: Renounce Religion, Berserk, Trog's Hand


You were on level 6 of the Dungeon.
You worshipped Trog.
Trog was most pleased with you.
You visited 1 branch of the dungeon, and saw 6 of its levels.

You collected 220 gold pieces.

Inventory:

Hand Weapons
 a - a +0 mace (weapon)
 b - a +0 sling
Armour
 h - an orb of mayhem
 m - a +0 scale mail (worn)
 q - a +0 cloak (worn)
Jewellery
 j - a ring of protection from fire (left hand)
 s - an amulet of guardian spirit (around neck)
 x - a ring of ice
 y - a ring of protection from fire
 C - a ring of willpower (right hand)
Wands
 l - a wand of flame (16)
Scrolls
 d - 2 scrolls of fear
 f - 3 scrolls of teleportation
 g - a scroll of poison
 n - a scroll of silence {unknown}
 r - a scroll of noise {unknown}
 v - a scroll of magic mapping
 w - 2 scrolls of immolation
 D - a scroll of vulnerability {unknown}
Potions
 c - 2 potions of might
 e - a potion of ambrosia {unknown}
 i - 3 potions of curing
 k - 2 potions of resistance {unknown}
 o - a potion of flight
 p - a potion of heal wounds
 t - a potion of mutation
 u - 2 potions of degeneration {unknown}
 z - 2 potions of invisibility
 A - a potion of attraction {unknown}
 B - a potion of lignification {unknown}


   Skills:
 + Level 6.3 Fighting
 + Level 7.4 Maces & Flails
 + Level 4.8 Ranged Weapons
 + Level 5.2 Armour
 + Level 3.2 Dodging


You had 7 spell levels left.
You didn't know any spells.
Your spell library was empty.

Dungeon Overview and Level Annotations

Branches:
Dungeon (6/15)             Temple (0/1) D:4

Altars:
Qazlal


Innate Abilities, Weirdness & Mutations

You have a pair of horns on your head.
You reflexively headbutt those who attack you in melee.


Message History

The hound barks!
An orc comes into view.
It is wielding a +2 hand axe of freezing.
The jelly attacks as you move away! The jelly misses you.
You feel sick.
You barely miss the hound. Your headbutt misses the hound.
You feel sick. The adder bites you. The hound bites you.
The jelly closely misses you. You furiously retaliate!
You headbutt the jelly. The jelly hits you. The acid corrodes you!
You are splashed with acid.
The adder bites you. The jelly attacks as you move away! The jelly misses you.
You feel sick. The hound bites you. x2
A red film seems to cover your vision as you go berserk!
You feel yourself moving faster!
You feel mighty!
You feel sick.
You are no longer poisoned.
The hound barely misses you. You furiously retaliate!
You headbutt the hound. The adder bites you. The jelly hits you.
The acid corrodes you!
You are splashed with acid!
* * * LOW HITPOINT WARNING * * *
You are too berserk!
You feel a strong urge to attack something.
The adder bites you.
* * * LOW HITPOINT WARNING * * *
The jelly hits you.
* * * LOW HITPOINT WARNING * * *
The acid corrodes you!
You are splashed with acid!
* * * LOW HITPOINT WARNING * * *
The adder bites you.
* * * LOW HITPOINT WARNING * * *
You are poisoned.
The adder poisons you! The hound attacks as you move away!
The hound closely misses you.
You feel your anger nearly subside.
You feel sick. The hound attacks as you move away! The hound barely misses you.
You are no longer berserk.
You are exhausted.
You feel yourself slow down.
You feel sick. The jelly attacks as you move away!
The jelly closely misses you.
You feel sick. The hound bites you.
* * * LOW HITPOINT WARNING * * *
The hound bites you.
You die...

##### # .>.# ..
###.####### #.
#...S.@...# #
...##...Jh###.#.#
...#.......J# #.#.#
#....##†..o.# #.#.#
...<.$......###.#.#
####
..................#
#...
#.#.?..##.#.......#
#.## #.###
#.#####..## #.# #
##.#####..####.#
#.#


You could see a hound, 2 jellies, an adder and an orc.

Vanquished Creatures
  A hornet (D:4)
  Grinder (D:3)
  An ogre (D:5)
  A bullfrog (D:4)
  A scorpion (D:4)
  A howler monkey (D:6)
  An orc priest (D:4)
  2 hounds (D:5)
  2 iguanas
  A sleepcap (D:5)
  Ijyb (D:5)
  Robin (D:3)
  7 gnolls (D:5)
  11 adders
  2 white imps (D:5)
  An ufetubus (D:4)
  4 worms
  12 orcs
  9 ball pythons
  6 bats
  3 endoplasms
  3 giant cockroaches
  8 goblins
  9 hobgoblins
  2 quokkas
  3 frilled lizards
  4 kobolds
  4 rats
102 creatures vanquished.

Notes
Turn   | Place    | Note
-------+----------+-------------------------------------------
     0 | D:1      | Arzdou the Minotaur Berserker began the quest for the Orb.
     0 | D:1      | Reached XP level 1. HP: 19/19 MP: 0/0
   362 | D:1      | Reached XP level 2. HP: 13/27 MP: 1/1
   505 | D:1      | Reached skill level 4 in Maces & Flails
  1017 | D:2      | Reached XP level 3. HP: 33/33 MP: 2/2
  1768 | D:3      | Reached skill level 5 in Maces & Flails
  1774 | D:3      | Reached XP level 4. HP: 41/41 MP: 3/3
  1849 | D:3      | Found a faded altar of an unknown god.
  1910 | D:3      | Reached ** piety under Trog
  1976 | D:3      | Noticed Robin
  1994 | D:3      | Killed Robin
  2004 | D:3      | Reached skill level 1 in Ranged Weapons
  2167 | D:3      | Noticed Grinder
  2175 | D:3      | Killed Grinder
  2176 | D:3      | Reached skill level 5 in Fighting
  2176 | D:3      | Reached XP level 5. HP: 48/48 MP: 4/4
  2176 | D:3      | Reached XP level 6. HP: 56/56 MP: 5/5
  2522 | D:4      | Found a staircase to the Ecumenical Temple.
  2536 | D:4      | Noticed a hornet
  2543 | D:4      | Killed a hornet
  2544 | D:4      | Reached skill level 6 in Maces & Flails
  2644 | D:4      | Reached XP level 7. HP: 20/61 MP: 6/6
  2976 | D:4      | Found a stormy altar of Qazlal.
  3333 | D:5      | Entered Level 5 of the Dungeon
  3501 | D:5      | Reached *** piety under Trog
  3502 | D:5      | Noticed Ijyb
  3510 | D:5      | Killed Ijyb
  3511 | D:5      | Reached skill level 7 in Maces & Flails
  3759 | D:5      | Reached skill level 5 in Armour
  4074 | D:5      | Reached XP level 8. HP: 70/70 MP: 7/7
  4762 | D:6      | Slain by a hound

Illustrated notes

Levels and vault maps discovered:
D:1:      minmay_arrival_up_and_down, layout_loops_ring
D:2:      layout_basic, roderic_nine_men_s_morris
D:3:      layout_basic, hellmonk_ecumenical_altar_leap_of_faith,
          kennysheep_generic_room_15, uniq_grinder, uniq_robin
D:4:      layout_cave_pools, mainiacjoe_overflow_small_starburst, temple_hall,
          nicolae_eternal_life
D:5:      layout_layer_cave, uniq_ijyb
D:6:      layout_loops_ring, kennysheep_mini_moat

Skill      XL: |  1  2  3  4  5  6  7 |
---------------+----------------------+-----
Fighting       | 4 5 6 |  6.3
Maces & Flails | 4 5 6 7 |  7.4
Ranged Weapons | 3 4 |  4.8
Armour         | 3 5 |  5.2
Dodging        | 3 |  3.2

Action                     |  1- 3 |  4- 6 |  7- 9 || total
---------------------------+-------+-------+-------++-------
  Melee: Mace              |    81 |    50 |    80 ||   211
         Headbutt          |     8 |     9 |    17 ||    34
         Punch             |       |     1 |     2 ||     3
   Fire: Sling             |       |    23 |    36 ||    59
 Invoke: Berserk           |       |     2 |     2 ||     4
    Use: Scroll            |       |     6 |     5 ||    11
 Armour: Animal skin       |     4 |       |       ||     4
         Scale mail        |    19 |    31 |    68 ||   118
  Dodge: Dodged            |    56 |    40 |    80 ||   176

Table legend: (Time is in decaauts)
 A = Elapsed time spent in this place.
 B = Non-inter-level travel time spent in this place.
 C = Inter-level travel time spent in this place.
 D = Time resting spent in this place.
 E = Time spent auto-exploring this place.
 F = Levels seen in this place.
 G = Mean time per level.
                   A        B        C        D        E       F      G
               +--------+--------+--------+--------+--------+-----+--------+
         Total |   4837 |   4712 |    125 |      0 |   3945 |   6 |  806.2 |
       Dungeon |   4837 |   4712 |    125 |      0 |   3945 |   6 |  806.2 |
               +--------+--------+--------+--------+--------+-----+--------+

Top non-repeatable levels by time:
     D:5: 1191 daAuts
     D:4: 1002 daAuts
     D:2: 945 daAuts
     D:3: 844 daAuts
     D:1: 744 daAuts
     D:6: 107 daAuts
